 Dungeon Crawl Stone Soup version 0.31-a0-963-ga325b2283a (webtiles) character file.

Game seed: 7347451564946193678

124 LeprechaunX the Changeling (level 5, 0/34 HPs)
             Began as an Octopode Shapeshifter on Oct 24, 2023.
             Slain by a sleepcap (1 damage)
             ... on level 4 of the Dungeon.
             The game lasted 00:02:29 (2319 turns).

LeprechaunX the Changeling (Octopode Shapeshifter)  Turns: 2319, Time: 00:02:30

Health: 0/34       AC:  1    Str: 15    XL:     5   Next: 8%
Magic:  5/5        EV: 13    Int: 13    God:
Gold:   179        SH:  0    Dex: 11    Spells: 4/4 levels left

rFire   . .          .
                       - Unarmed
rCold   . . .        (no shield)
rNeg    . . .        (helmet currently unavailable)
rPois   .            (no amulet)
rElec   .            (no ring)
rCorr   .            (no ring)
SInv    .            (no ring)
Will    .....        (no ring)
Stlth   ++           (no ring)
HPRegen 0.25/turn    (no ring)
MPRegen 0.09/turn    (no ring)
                     (no ring)

%: no passive effects
@: beast-form
A: beast (slay +2), almost no armour, amphibious, 8 rings, camouflage 1,
gelatinous body 1, (nimble swimmer 1), tentacles
a: Begin Untransformation


You were on level 4 of the Dungeon.
You were a hulking beast.
You visited 1 branch of the dungeon, and saw 4 of its levels.

You collected 179 gold pieces.

Inventory:

Jewellery
 l - a ring of protection from cold
Talismans
 b - a beast talisman
 c - a flux talisman
Scrolls
 a - a scroll of teleportation {unknown}
 d - 2 scrolls of noise {unknown}
 f - a scroll of fog {unknown}
 i - a scroll of blinking {unknown}
 k - 2 scrolls of identify {unknown}
Potions
 e - a potion of heal wounds {unknown}
 g - a potion of enlightenment {unknown}
 h - a potion of mutation {unknown}
 j - 2 potions of attraction {unknown}
 m - a potion of might {unknown}


   Skills:
 + Level 2.1 Fighting
 + Level 2.8 Dodging
 + Level 3.6 Unarmed Combat
 * Level 4.0 Shapeshifting


You had 4 spell levels left.
You didn't know any spells.
Your spell library contained the following spells:

 Spells                   Type           Power      Damage    Failure   Level
 Poisonous Vapours        Pois/Air       0%         N/A       43%         2
 Frozen Ramparts          Ice            0%         1d1       67%         3
 Mephitic Cloud           Conj/Pois/Air  0%         N/A       67%         3
 Summon Guardian Golem    Hex/Summ       0%         N/A       67%         3
 Petrify                  Tmut/Erth      0%         N/A       97%         4
 Freezing Cloud           Conj/Ice/Air   0%         6-21      100%        5
 Metabolic Englaciation   Hex/Ice        0%         N/A       100%        5
 Orb of Destruction       Conj           0%         9d5       100%        7
 Spellforged Servitor     Conj/Summ      0%         N/A       100%        7


Dungeon Overview and Level Annotations

Branches:
Dungeon (4/15)
 Temple: D:4-7

Altars:
Fedhas
Hepliaklqana

Shops:
D:2 !


Innate Abilities, Weirdness & Mutations

You are a hulking beast.
Your limbs bulge with bestial killing power. (Slay +2)
You cannot wear most types of armour.
You are amphibious.
You can wear up to eight rings at the same time.
Your skin changes colour to match your surroundings (Stealth+).
Your rubbery body absorbs attacks. (AC +1, EV +1)
((You are camouflaged when in or above water. (Stealth+)))
You have tentacles for arms and can constrict up to eight enemies at once.


Message History

An iguana comes into view.
Found a stone staircase leading up.
The iguana moves out of view.
You tentacle-slap the jackal.
You kill the jackal!
The jackal completely misses you.
An orc wizard comes into view. It is wielding a +0 dagger.
You tentacle-slap the jackal. You grab the jackal.
The jackal is moderately wounded.
You constrict the jackal. The jackal completely misses you.
You tentacle-slap the jackal.
You kill the jackal!
An orc priest comes into view. It is wielding a +0 dagger.
Found a stone staircase leading up.
The orc priest shouts!
An orc comes into view. It is wielding a +0 flail.
The orc wizard gestures at you while chanting.
You resist with some effort.
Things that are here:
a bubbling purple potion; a jackal corpse The sleepcap attacks as it pursues you!
The sleepcap releases spores at you!
You are engulfed in a cloud of soporific spores!
You fall asleep.
The orc wizard mumbles some strange words.
The orc wizard flickers and vanishes!
Deactivating autopickup; reactivate with Ctrl-A.
The sleepcap releases spores at you!!
You wake up.
Ouch! That really hurt!
* * * LOW HITPOINT WARNING * * *
You are engulfed in a cloud of soporific spores!
You are unaffected.
Unknown command.
The iguana hisses menacingly.
The sleepcap attacks as it pursues you! The sleepcap closely misses you.
The iguana bites you!
* * * LOW HITPOINT WARNING * * *
You tentacle-slap the sleepcap but do no damage.
You grab the sleepcap. You constrict the sleepcap.
The orc priest casts a cantrip, but nothing happens.
The sleepcap releases spores at you.
You die...

########
#....).#########
#.####.##.......
#.####....#####.
####.##.........##.
#....##.#....##.##.
#.........##.#....#
#...########..##.##
##h## ##.##.#
###f###### #.##.#
#..l.....# ##....#
#...##.#... ####.
#..o##.#... ###
#..!o...... #.(
#...?...... #.#
............. # #
#.##.......<## #


You could see a sleepcap, an iguana, an orc priest and an orc.

Vanquished Creatures
  A phantom (D:3)
  An adder (D:3)
  A worm (D:3)
  2 orcs
  4 endoplasms
  2 giant cockroaches (D:1)
  2 goblins
  3 hobgoblins
  2 jackals (D:4)
  4 kobolds
  A quokka (D:2)
  3 ball pythons
  5 bats
  A rat (D:1)
32 creatures vanquished.

Notes
Turn   | Place    | Note
-------+----------+-------------------------------------------
     0 | D:1      | LeprechaunX the Octopode Shapeshifter began the quest for
                  | the Orb.
     0 | D:1      | Reached XP level 1. HP: 13/13 MP: 1/1
   313 | D:1      | Reached XP level 2. HP: 16/18 MP: 2/2
  1364 | D:2      | Reached XP level 3. HP: 14/23 MP: 3/3
  1424 | D:2      | Found Pumur's Distillery.
  1612 | D:2      | Found a blossoming altar of Fedhas.
  1955 | D:3      | Found a hazy altar of Hepliaklqana.
  1973 | D:3      | Noticed a phantom
  1986 | D:3      | Killed a phantom
  1987 | D:3      | Reached skill level 4 in Shapeshifting
  1987 | D:3      | Reached XP level 4. HP: 19/29 MP: 4/4
  1987 | D:3      | Reached XP level 5. HP: 22/34 MP: 5/5
  2317 | D:4      | HP: 1/34 [iguana (8)]
  2319 | D:4      | Slain by a sleepcap

Illustrated notes

Levels and vault maps discovered:
D:1:      dpeg_arrival_boxorama, layout_basic, chequers_serial_rivers_small_3
D:2:      layout_loops_ring, basic_altar, serial_shops,
          nicolae_shop_temple_entry_statues_fountains
D:3:      layout_basic, nicolae_overflow_hidden_temple
D:4:      layout_loops_cross, jmf_multi_god_temple2

Skill      XL: |  1  2  3 |
---------------+----------+-----
Fighting       | 2 |  2.1
Shapeshifting  | 4 |  4.0
Dodging        | |  2.8
Unarmed Combat | |  3.6

Action                     |  1- 3 |  4- 6 || total
---------------------------+-------+-------++-------
  Melee: Unarmed           |    64 |     7 ||    71
         Constrict         |    14 |     3 ||    17
         Tentacles         |     8 |     1 ||     9
         Punch             |     1 |       ||     1
    Use: Potion            |     1 |       ||     1
   Stab: Sleeping          |     8 |       ||     8
 Armour: Skin              |    23 |     5 ||    28
  Dodge: Dodged            |    28 |     3 ||    31

Table legend: (Time is in decaauts)
 A = Elapsed time spent in this place.
 B = Non-inter-level travel time spent in this place.
 C = Inter-level travel time spent in this place.
 D = Time resting spent in this place.
 E = Time spent auto-exploring this place.
 F = Levels seen in this place.
 G = Mean time per level.
                   A        B        C        D        E       F      G
               +--------+--------+--------+--------+--------+-----+--------+
         Total |   2313 |   2207 |    106 |     76 |   1888 |   4 |  578.2 |
       Dungeon |   2313 |   2207 |    106 |     76 |   1888 |   4 |  578.2 |
               +--------+--------+--------+--------+--------+-----+--------+

Top non-repeatable levels by time:
     D:1: 1060 daAuts
     D:2: 654 daAuts
     D:3: 540 daAuts
     D:4: 58 daAuts
